 Dungeon Crawl Stone Soup version 0.27.1-3-gb3d3a73c9e (webtiles) character file.

Game seed: 11979051574844853360

383 Urokeeper the Sneak (level 6, -1/33 HPs)
             Began as a Spriggan Brigand on Oct 13, 2021.
             Splashed by an orc's acid (7 damage)
             ... on level 4 of the Dungeon.
             The game lasted 00:12:46 (4034 turns).

Urokeeper the Sneak (Spriggan Brigand)              Turns: 4034, Time: 00:12:47

Health: -1/33      AC:  3    Str:  7    XL:     6   Next: 47%
Magic:  7/7        EV: 16    Int: 13    God:
Gold:   197        SH:  0    Dex: 18    Spells: 5/5 levels left

rFire    + . .     SeeInvis +   B - +0 short sword (speed)
rCold    . . .     Faith    .   (shield restricted)
rNeg     . . .     Spirit   .   b - +0 robe
rPois    .         Reflect  .   (helmet restricted)
rElec    .         Harm     .   c - +0 cloak
rCorr    .         Rampage  .   (gloves unavailable)
Will     +....                  (boots unavailable)
Stlth    +++.......             (no amulet)
HPRegen  0.11/turn              g - ring of wizardry
MPRegen  0.10/turn              y - ring of protection from fire

@: very quick
A: very small, no large weapons, unfitting armour, see invisible, speed 3
a: no special abilities


You were on level 4 of the Dungeon.
You visited 1 branch of the dungeon, and saw 4 of its levels.

You collected 212 gold pieces.
You spent 15 gold pieces at shops.

Inventory:

Hand Weapons
 a - a +2 dagger
 n - a +0 short sword
 t - a +0 hunting sling
 B - a +0 short sword of speed (weapon)
Missiles
 d - 5 poisoned darts (quivered)
 e - a curare-tipped dart
 D - 6 boomerangs
Armour
 b - a +0 robe (worn)
 c - a +0 cloak (worn)
Jewellery
 g - a ring of wizardry (left hand)
 y - a ring of protection from fire (right hand)
Wands
 A - a wand of iceblast (7)
 C - a wand of flame (7)
Scrolls
 h - a scroll of amnesia {unknown}
 i - a scroll of acquirement {unknown}
 q - a scroll of enchant weapon {unknown}
 r - 3 scrolls of identify {unknown}
 s - a scroll of magic mapping {unknown}
 w - a scroll of blinking {unknown}
 x - a scroll of summoning {unknown}
 z - a scroll of immolation {unknown}
Potions
 f - 3 potions of brilliance {unknown}
 j - 2 potions of flight {unknown}
 k - a potion of mutation {unknown}
 l - 3 potions of attraction {unknown}
 m - 2 potions of curing {unknown}
 o - a potion of cancellation {unknown}
 p - a potion of lignification {unknown}
 u - a potion of invisibility {unknown}
 v - a potion of heal wounds {unknown}


   Skills:
 - Level 3.8 Fighting
 + Level 3.8 Short Blades
 - Level 4.9(5.2) Slings
 - Level 2.0(3.2) Throwing
 - Level 1.3 Dodging
 - Level 5.8 Stealth


You had 5 spell levels left.
You didn't know any spells.
Your spell library was empty.

Dungeon Overview and Level Annotations

Branches:
Dungeon (4/15)
 Temple: D:4-7

Altars:
Xom

Shops:
D:2 [!*:(

Annotations:
D:2 1 runed translucent door, Crazy Yiuf
D:4 Natasha


Innate Abilities, Weirdness & Mutations

You are very small and have problems with some larger weapons.
You are too small for most types of armour.
You have supernaturally acute eyesight. (SInv)
You cover ground extremely quickly. (Speed+++)


Message History

The hobgoblin shouts!
You barely miss the hobgoblin. You hit the hobgoblin but do no damage.
The hobgoblin hits you.
You hit the hobgoblin.
The hobgoblin is heavily wounded.
The hobgoblin closely misses you.
You hit the hobgoblin.
You kill the hobgoblin!
No target in view!
You see here a hobgoblin corpse.
Found a stone staircase leading up.
An orc wizard is nearby!
An orc wizard is nearby!
An orc wizard is nearby!
The orc shouts!
You hear a shout! x2
The orc wizard shouts!
You hit the orc but do no damage. You hit the orc.
The orc is lightly wounded.
The orc wizard mumbles some strange words.
The orc wizard flickers and vanishes for a moment.
You hit the orc but do no damage.
The orc is lightly wounded.
The orc hits you with a +0 hand axe.
You hit the orc but do no damage.
The orc is lightly wounded.
The orc hits you with a +0 hand axe.
You hit the orc.
The orc is heavily wounded.
You hit the orc but do no damage.
The orc is heavily wounded.
The orc hits you with a +0 hand axe.
The orc zaps a wand.
The bolt of acid hits the orc wizard!
The orc wizard is splashed with acid.
The acid corrodes the orc wizard!
The orc wizard dies!
The bolt of acid hits you!
Ouch! That really hurt!
* * * LOW HITPOINT WARNING * * *
You are splashed with acid!
You die...

#. .# #. ##.# ..
.... #..# #..###
#.o..
##.####).#######
......o@o......
#######........
#.##.<#.#
#.##..#.###.
#...........
#..#..#.###.
#..#..#.##
#.........
##†#......


You could see 3 orcs.

Vanquished Creatures
  A necrophage (D:2)
  A scorpion (D:4)
  2 hounds
  Jessica (D:2)
  A hound skeleton (D:4)
  5 adders
  An ufetubus (D:4)
  4 orcs
  12 ball pythons
  8 bats
  8 endoplasms
  4 giant cockroaches
  3 goblins
  7 hobgoblins
  8 jackals
  5 frilled lizards
  8 kobolds
  6 rats
85 creatures vanquished.

Vanquished Creatures (others)
  An orc wizard (D:4)
1 creature vanquished.

Grand Total: 86 creatures vanquished

Notes
Turn   | Place    | Note
-------+----------+-------------------------------------------
     0 | D:1      | Urokeeper the Spriggan Brigand began the quest for the Orb.
     0 | D:1      | Reached XP level 1. HP: 10/10 MP: 2/2
   142 | D:1      | Reached XP level 2. HP: 10/15 MP: 3/3
  1021 | D:1      | Reached XP level 3. HP: 19/19 MP: 4/4
  1264 | D:2      | Noticed Jessica
  1269 | D:2      | Killed Jessica
  1319 | D:2      | Reached XP level 4. HP: 19/25 MP: 5/5
  1422 | D:2      | Found Silu's Armour Emporium.
  1526 | D:2      | Found Tinkok's Distillery.
  1535 | D:2      | Found Xihilaf's Book Boutique.
  1547 | D:2      | Found Selomefe's Assorted Antiques.
  1575 | D:2      | Noticed a necrophage
  1641 | D:2      | Found Notoamam's Weapon Boutique.
  1655 | D:2      | Bought a +0 hunting sling for 15 gold pieces
  1845 | D:2      | Killed a necrophage
  1846 | D:2      | Reached XP level 5. HP: 29/29 MP: 6/6
  1999 | D:2      | Found a runed translucent door.
  2000 | D:2      | Noticed Crazy Yiuf
  2437 | D:3      | Found a shimmering altar of Xom.
  2903 | D:3      | Found a faded altar of an unknown god.
  3107 | D:4      | Reached XP level 6. HP: 27/33 MP: 7/7
  3897 | D:4      | Noticed Natasha
  4034 | D:4      | Splashed by an orc's acid

Illustrated notes

Levels and vault maps discovered:
D:1:      co_arrival_square_in_a_square_in_a_square, layout_basic,
          minmay_3d_cube
D:2:      layout_rooms, serial_shops, nicolae_shop_stone, shop,
          nicolae_shop_trees, shop_fountains, nicolae_shop_stone,
          uniq_crazy_yiuf_cottage, uniq_jessica
D:3:      layout_loops_ring, xom_teletrap_fun,
          dreamdust_ecumenical_altar_angels_and_demons
D:4:      layout_basic, kennysheep_generic_room_8, uniq_natasha

Skill      XL: |  1  2  3  4  5  6 |
---------------+-------------------+-----
Fighting       | 2 3 |  3.8
Slings         | 3 4 |  4.9
Short Blades   | 3 |  3.8
Throwing       | |  2.0
Dodging        | |  1.3
Stealth        | |  5.8

Action                   |  1- 3 |  4- 6 || total
-------------------------+-------+-------++-------
Melee: Dagger            |   109 |    23 ||   132
       Short sword       |       |   104 ||   104
 Fire: Hunting sling     |       |   131 ||   131
Throw: Dart              |     2 |     9 ||    11
 Stab: Sleeping          |     7 |     5 ||    12
       Distracted        |     1 |       ||     1
Armor: Robe              |    17 |    21 ||    38
Dodge: Dodged            |    87 |   121 ||   208
